 Dungeon Crawl Stone Soup version 0.18-a0-1180-g64ccc1e (webtiles) character file.

48 inmateoo the Charmwright (level 3, 0/24 HPs)
             Began as a High Elf Skald on Jan 27, 2016.
             Killed from afar by Sigmund (12 damage)
             ... with a puff of flame
             ... on level 2 of the Dungeon.
             The game lasted 00:02:42 (1973 turns).

inmateoo the Charmwright (High Elf Skald)           Turns: 1973, Time: 00:02:42

Health: 0/24       AC:  3    Str: 11    XL:     3   Next: 50%
Magic:  6/8        EV: 12    Int: 16    God:
Gold:   78         SH:  0    Dex: 15    Spells: 3 memorised, 2 levels left

rFire  . . .     SeeInvis .     p - +2 dagger (flame)
rCold  . . .     Gourm    .     b - +0 leather armour
rNeg   . . .     Faith    .     (no shield)
rPois  .         Spirit   .     (no helmet)
rElec  .         Dismiss  .     (no cloak)
rCorr  .         Reflect  .     (no gloves)
SustAt .         Harm     .     (no boots)
MR     .....                    (no amulet)
Stlth  +.........               (no ring)
                                g - -3 ring of slaying (curse)

@: infused, not resistant to hostile enchantments, very unstealthy
A: no striking features
a: no special abilities


You were on level 2 of the Dungeon.
You were hungry.

You visited 1 branch of the dungeon, and saw 2 of its levels.

You collected 78 gold pieces.

Inventory:

Hand Weapons
 a - a +0 falchion
 p - a +2 dagger of flaming (weapon)
Missiles
 f - 4 poisoned needles
Armour
 b - a +0 leather armour (worn)
Jewellery
 g - a cursed -3 ring of slaying (left hand)
 k - an uncursed amulet of magic regeneration {unknown}
Scrolls
 o - a scroll of identify {unknown}
Potions
 e - a potion of heal wounds {unknown}
 h - 2 potions of magic {unknown}
 i - a potion of brilliance {unknown}
 j - a potion of lignification {unknown}
 l - 2 potions of might {unknown}
 m - a potion of curing {unknown}
 n - a potion of poison {unknown}
Books
 c - a book of Battle

   Spells                             Type                      Level
   a - Infusion                       Charms                       1
   b - Shroud of Golubria             Charms/Translocation         2
   c - Song of Slaying                Charms                       2
   d - Spectral Weapon                Hexes/Charms                 3
   e - Regeneration                   Charms/Necromancy            3
Comestibles
 d - 2 bread rations


   Skills:
 + Level 2.2 Fighting
 * Level 3.3 Long Blades
 + Level 1.3 Armour
 + Level 1.8 Dodging
 + Level 2.8 Spellcasting
 + Level 3.9 Charms


You had 2 spell levels left.
You knew the following spells:

 Your Spells              Type           Power        Failure   Level  Hunger
a - Infusion              Chrm           ##..         6%          1    #......
b - Song of Slaying       Chrm           ##......     10%         2    ##.....
c - Shroud of Golubria    Chrm/Tloc      #.........   17%         2    ##.....


Dungeon Overview and Level Annotations

Branches:
Dungeon (2/15)

Altars:

Annotations:
D:2 Sigmund


Message History

You begin infusing your attacks with magical energy.
The giant gecko bites you.
You barely miss the giant gecko. The giant gecko bites you.
You hit the giant gecko. You burn the giant gecko.
The giant gecko is severely wounded.
The giant gecko misses you.
You closely miss the giant gecko.
The giant gecko is severely wounded.
The giant gecko barely misses you.
You hit the giant gecko. You burn the giant gecko.
You kill the giant gecko!
No target in view!
Sigmund the Dreaded comes into view.
He is wielding a scythe.
Sigmund shouts!
Sigmund says, "I'm your fate."
You see here 11 gold pieces.
Sigmund casts a spell at you. The puff of flame hits you!
Ouch! That really hurt!
You die...

### .. ..# ..# #.#.## #.#
... ###.#..####.# ... .
#.).......$.#####.####..
###!..........##.....#....
.............!............
........................#.
................@.........
.....)........#...$.......
.............#............
.............#............
..........................
######.####.......#.......
# #.# ....#..###....@.. #
#.# .......# ....... .#
... ....##.# .......


You could see Sigmund.

Vanquished Creatures
  An adder (D:1)
  5 giant geckos
  A giant cockroach (D:1)
  3 goblins
  7 hobgoblins
  6 kobolds (D:1)
  3 bats
  4 giant newts
  3 rats (D:1)
33 creatures vanquished.

Notes
Turn   | Place    | Note
--------------------------------------------------------------
     0 | D:1      | inmateoo the High Elf Skald began the quest for the Orb.
     0 | D:1      | Reached XP level 1. HP: 14/14 MP: 4/4
   618 | D:1      | Reached skill level 1 in Armour
   618 | D:1      | Reached XP level 2. HP: 13/19 MP: 0/6
   881 | D:1      | Learned a level 2 spell: Song of Slaying
   884 | D:1      | Learned a level 2 spell: Shroud of Golubria
  1240 | D:1      | Reached XP level 3. HP: 21/24 MP: 4/7
  1971 | D:2      | Noticed Sigmund
  1973 | D:2      | Killed from afar by Sigmund

Vault maps used:
D:1:      minmay_arrival_solitary_statue, minivault_26, grunt_decor_one_mirror
D:2:      cheibriados_altar_1, uniq_jessica, uniq_sigmund

Action                   || total
-------------------------++-------
Melee: Falchion          ||   116
       Dagger            ||    10
 Cast: Infusion          ||     9
  Use: Scroll            ||     2
  Eat: Chunk             ||     3
